 Dungeon Crawl Stone Soup version 0.31.0-7-gf635a9b802 (webtiles) character file.

Game seed: 13461260686394428327

53 Flugkiller the Conjurer (level 3, 11/24 HPs)
             Began as a Demonspawn Conjurer on Jan 23, 2024.
             Quit the game on level 2 of the Dungeon.
             The game lasted 00:00:58 (979 turns).

Flugkiller the Conjurer (Demonspawn Conjurer)        Turns: 979, Time: 00:00:58

Health: 11/24      AC:  2    Str:  7    XL:     3   Next: 64%
Magic:  1/7        EV: 12    Int: 20    God:
Gold:   92         SH:  0    Dex: 11    Spells: 4/7 levels left

rFire   . . .        b - +4 dagger (venom)
rCold   . . .        (no shield)
rNeg    . . .        a - +0 robe
rPois   .            (no helmet)
rElec   .            (no cloak)
rCorr   .            (no gloves)
SInv    .            (no boots)
Will    .....        (no amulet)
Stlth   ++           (no ring)
HPRegen 0.24/turn    (no ring)
MPRegen 0.10/turn

%: no passive effects
@: no status effects
A: foul stench 1, weakness stinger 1
a: no special abilities


You were on level 2 of the Dungeon.
You visited 1 branch of the dungeon, and saw 2 of its levels.

You collected 92 gold pieces.

Inventory:

Hand Weapons
 b - a +4 dagger of venom (weapon)
   (You took it off a kobold on level 1 of the Dungeon)
Armour
 a - a +0 robe (worn)
Scrolls
 c - 2 scrolls of noise {unknown}
 d - a scroll of teleportation {unknown}
 e - a scroll of immolation {unknown}
 g - a scroll of identify {unknown}
Potions
 f - a potion of heal wounds {unknown}


   Skills:
 - Level 1.7 Dodging
 - Level 1.7 Stealth
 + Level 2.7 Spellcasting
 * Level 5.0 Conjurations


You had 4 spell levels left.
You knew the following spells:

 Your Spells              Type           Power      Damage    Failure   Level
a - Magic Dart            Conj           88%        1d7       1%          1
b - Searing Ray           Conj           44%        2d6       2%          2

Your spell library contained the following spells:

 Spells                   Type           Power      Damage    Failure   Level
 Inner Flame              Hex/Fire       2%         N/A       41%         3
 Flame Wave               Conj/Fire      12%        2d6       45%         4
 Fulminant Prism          Conj/Alch      6%         3d7       45%         4
 Iskenderun's Mystic Bla  Conj/Tloc      12%        2d5       45%         4
 Sticky Flame             Fire/Alch      2%         2d4       82%         4


Dungeon Overview and Level Annotations

Branches:
Dungeon (2/15) Zot: 11021

Altars:


Innate Abilities, Weirdness & Mutations

You may rarely emit foul miasma when damaged in melee.
You have a small tail.


Message History

Casting: Magic Dart (safe; 2% risk of failure)
Confirm with . or Enter, or press ? or * to list all spells.
Aiming: Magic Dart (safe; 2% risk of failure)
Press: ? - help, Shift-Dir - straight line, f - quokka
Aim: a quokka (100% to hit)
The magic dart hits the quokka.
The quokka is heavily wounded.
You hit the quokka.
You kill the quokka!
Casting: Magic Dart (safe; 2% risk of failure)
Confirm with . or Enter, or press ? or * to list all spells.
You can't see any susceptible monsters within range! (Use Z to cast anyway.)
You see here a quokka corpse.
Done exploring.
Done exploring.
Done exploring.
Unknown command.
There is a stone staircase leading down here.
You climb downwards.
Natasha hisses angrily.
The kobold shouts!
There is a stone staircase leading up here.
There are monsters nearby!
Unknown command.
There are monsters nearby!
There are monsters nearby!
A rat comes into view.
Found 3 scrolls labelled SEWARA QICSI.
Found a stone staircase leading down.
Natasha hisses.
The kobold throws a stone.
The stone hits you but does no damage.
The kobold throws a stone.
The stone hits you but does no damage.
There is a stone staircase leading up here.
Casting: Magic Dart (safe; 2% risk of failure)
Confirm with . or Enter, or press ? or * to list all spells.
Aiming: Magic Dart (safe; 2% risk of failure)
Press: ? - help, Shift-Dir - straight line, f - Natasha
Aim: Natasha (100% to hit)
The magic dart hits Natasha.
Natasha is moderately wounded.
Casting: Magic Dart (safe; 2% risk of failure)
Confirm with . or Enter, or press ? or * to list all spells.
Aiming: Magic Dart (safe; 2% risk of failure)
Press: ? - help, Shift-Dir - straight line, f/p - Natasha
Aim: Natasha (moderately wounded, 100% to hit)
The magic dart hits Natasha but does no damage.
Natasha is moderately wounded.
Natasha stares at you and mumbles some strange words.
The magic dart hits you!
Casting: Magic Dart (safe; 2% risk of failure)
Confirm with . or Enter, or press ? or * to list all spells.
Aiming: Magic Dart (safe; 2% risk of failure)
Press: ? - help, Shift-Dir - straight line, f/p - Natasha
Aim: Natasha (moderately wounded, 100% to hit)
You miscast Magic Dart.
You are very lightly contaminated with residual magic.
Nothing appears to happen.
The rat squeaks loudly.
Natasha misses you.
You hit Natasha.
Natasha is poisoned.
Natasha is severely wounded.
Natasha barely misses you.
You hit Natasha but do no damage.
Natasha looks as sick as possible!
Natasha is almost dead.
Natasha claws you.
You are too injured to fight recklessly!
You barely miss Natasha.
Natasha is almost dead.
You kill Natasha!
Natasha screams in pain as she dies!
The kobold hits you with a +0 dagger.
You have reached level 3!
Your experience leads to an increase in your attributes!
Increase (S)trength, (I)ntelligence, or (D)exterity?
You feel clever. x2; Your demonic ancestry asserts itself...
You begin to emit a foul stench of rot and decay.
Unknown command.
Casting: Magic Dart (safe; 1% risk of failure)
Confirm with . or Enter, or press ? or * to list all spells.
Aiming: Magic Dart (safe; 1% risk of failure)
Press: ? - help, Shift-Dir - straight line, f - rat
Aim: a rat (100% to hit)
The magic dart hits the rat!
You kill the rat!
The kobold throws a stone.
The stone barely misses you.
Your magical contamination has completely faded away.
The kobold completely misses you.
Casting: Magic Dart (safe; 1% risk of failure)
Confirm with . or Enter, or press ? or * to list all spells.
Aiming: Magic Dart (safe; 1% risk of failure)
Press: ? - help, Shift-Dir - straight line, f - kobold
Aim: a kobold, wielding a +0 dagger and quivering stones (100% to hit)
The magic dart hits the kobold but does no damage.
The kobold barely misses you.
You hit the kobold.
You kill the kobold!
Your Conjurations skill increases to level 5!
You are too injured to fight recklessly!
Things that are here:
a +0 dagger; 5 stones; a kobold corpse You are too injured to fight recklessly!
Are you sure you want to abandon this character and quit the game? (Confirm with "yes".)

############
#.@).......+
#..<########
#...#
#.........?
#.........>
#..........
#..........
#..........
#..........


There were no monsters in sight!

Vanquished Creatures
  Natasha (D:2)
  A ball python (D:1)
  4 bats (D:1)
  2 endoplasms (D:1)
  A giant cockroach (D:1)
  3 hobgoblins (D:1)
  3 quokkas (D:1)
  A frilled lizard (D:1)
  3 goblins (D:1)
  4 kobolds
  4 rats
27 creatures vanquished.

Notes
Turn   | Place    | Note
-------+----------+-------------------------------------------
     0 | D:1      | Flugkiller the Demonspawn Conjurer began the quest for the
                  | Orb.
     0 | D:1      | Reached XP level 1. HP: 13/13 MP: 3/3
   162 | D:1      | Gained mutation: You have a small tail. [demonic ancestry]
   162 | D:1      | Reached XP level 2. HP: 19/19 MP: 0/5
   295 | D:1      | Learned a level 2 spell: Searing Ray
   961 | D:2      | Noticed Natasha
   970 | D:2      | Killed Natasha
   971 | D:2      | Gained mutation: You may rarely emit foul miasma when
                  | damaged in melee. [demonic ancestry]
   971 | D:2      | Reached XP level 3. HP: 9/24 MP: 2/7
   977 | D:2      | Reached skill level 5 in Conjurations
   979 | D:2      | Quit the game

Illustrated notes

Levels and vault maps discovered:
D:1:      minmay_arrival_cross, layout_loops_corners,
          chequers_serial_rivers_room_a, minmay_bisected
D:2:      layout_basic, uniq_natasha

Skill      XL: |  1  2  3 |
---------------+----------+-----
Conjurations   | 5 |  5.0
Dodging        | |  1.7
Stealth        | |  1.7
Spellcasting   | |  2.7

Action                     || total
---------------------------++-------
  Melee: Unarmed           ||    23
         Dagger            ||     7
         Tailslap          ||     1
   Cast: Magic Dart        ||    43
    Use: Potion            ||     1
   Stab: Sleeping          ||     1
 Armour: Robe              ||    15
  Dodge: Dodged            ||    27
